 Dungeon Crawl Stone Soup version 0.29.0-7-g18a832c13a (webtiles) character file.

Game seed: 3145041911227917358

100 Ordine the Magician (level 4, 0/24 HPs)
             Began as a Deep Elf Hedge Wizard on Aug 30, 2022.
             Was an Initiate of Vehumet.
             Slain by Grinder (2 damage)
             ... on level 3 of the Dungeon.
             The game lasted 00:08:59 (3615 turns).

Ordine the Magician (Deep Elf Hedge Wizard)         Turns: 3615, Time: 00:08:59

Health: 0/24       AC:  2    Str:  7    XL:     4   Next: 46%
Magic:  3/12       EV: 13    Int: 21    God:    Vehumet [......]
Gold:   158        SH:  0    Dex: 14    Spells: 9/12 levels left

rFire   . . .      SeeInvis .   p - +3 dagger
rCold   . . .      Faith    .   (no shield)
rNeg    . . .      Spirit   .   b - +0 robe
rPois   .          Reflect  .   c - +0 hat
rElec   .          Harm     .   m - scarf {shadows}
rCorr   .          Rampage  .   (no gloves)
Will    .....                   (no boots)
Stlth   ++........              (no amulet)
HPRegen 0.08/turn               (no ring)
MPRegen 0.13/turn               (no ring)

@: no status effects
A: no striking features
a: Renounce Religion


You were on level 3 of the Dungeon.
You worshipped Vehumet.
Vehumet was noncommittal.
You visited 1 branch of the dungeon, and saw 3 of its levels.

You collected 158 gold pieces.

Inventory:

Hand Weapons
 p - a +3 dagger (weapon)
Armour
 b - a +0 robe (worn)
 c - a +0 hat (worn)
 m - a scarf of shadows (worn)
Scrolls
 a - a scroll of fog {unknown}
 g - 5 scrolls of identify {unknown}
 i - 2 scrolls of teleportation {unknown}
 l - a scroll of amnesia {unknown}
 n - a scroll of magic mapping {unknown}
Potions
 d - a potion of magic
 e - 3 potions of flight {unknown}
 f - 2 potions of resistance {unknown}
 h - a potion of curing {unknown}
 j - a potion of heal wounds {unknown}
 k - a potion of might {unknown}
 o - 2 potions of berserk rage {unknown}
 q - a potion of haste {unknown}


   Skills:
 - Level 3.0 Dodging
 - Level 3.0 Stealth
 + Level 4.8 Spellcasting
 * Level 3.1 Conjurations
 + Level 1.8 Summonings
 - Level 2.0 Translocations


You had 9 spell levels left.
You knew the following spells:

 Your Spells              Type           Power      Damage    Failure   Level
a - Magic Dart            Conj           72%        1d6       3%          1
b - Blink                 Tloc           26%        N/A       8%          2

Your spell library contained the following spells:

 Spells                   Type           Power      Damage    Failure   Level
 Summon Small Mammal      Summ           52%        N/A       4%          1
 Call Imp                 Summ           13%        N/A       8%          2
 Slow                     Hex            20%        N/A       11%         1
 Call Canine Familiar     Summ           13%        N/A       16%         3
 Conjure Flame            Conj/Fire      11%        6-21      17%         3
 Mephitic Cloud           Conj/Pois/Air  9%         N/A       22%         3
 Portal Projectile        Hex/Tloc       18%        N/A       22%         3
 Summon Guardian Golem    Hex/Summ       9%         N/A       22%         3
 Tukima's Dance           Hex            5%         N/A       32%         3
 Blade Hands              Tmut           2%         N/A       97%         5


Dungeon Overview and Level Annotations

Branches:
Dungeon (3/15)

Altars:
Okawaru
Trog
Vehumet

Annotations:
D:3 Grinder


Message History

Unknown command.
Unknown command.
Unknown command.
Casting: Magic Dart (safe; 3% risk of failure)
Confirm with . or Enter, or press ? or * to list all spells.
Aiming: Magic Dart (safe; 3% risk of failure)
Press: ? - help, Shift-Dir - straight line, f/p - Grinder
Aim: Grinder (heavily wounded, 100% to hit)
The magic dart hits Grinder.
Grinder is heavily wounded.
Casting: Magic Dart (safe; 3% risk of failure)
Confirm with . or Enter, or press ? or * to list all spells.
Aiming: Magic Dart (safe; 3% risk of failure)
Press: ? - help, Shift-Dir - straight line, f/p - Grinder
Aim: Grinder (heavily wounded, 100% to hit)
The magic dart hits Grinder.
Grinder is severely wounded.
Grinder gestures at you.
You shrug off the repeated paralysis!
Unknown command.
Unknown command.
Unknown command.
Casting: Magic Dart (safe; 3% risk of failure)
Confirm with . or Enter, or press ? or * to list all spells.
Aiming: Magic Dart (safe; 3% risk of failure)
Press: ? - help, Shift-Dir - straight line, f/p - Grinder
Aim: Grinder (severely wounded, 100% to hit)
The magic dart hits Grinder.
Grinder is severely wounded.
Casting: Magic Dart (safe; 3% risk of failure)
Confirm with . or Enter, or press ? or * to list all spells.
Aiming: Magic Dart (safe; 3% risk of failure)
Press: ? - help, Shift-Dir - straight line, f/p - Grinder
Aim: Grinder (severely wounded, 100% to hit)
The magic dart hits Grinder.
Grinder is severely wounded.
Grinder hits you!
* * * LOW HITPOINT WARNING * * *
You writhe in agony.
You die...

..##..###.......#.....###........
#.##.##....######.....# ###.##...
#.#..##.#.### ######### #.##...
#...###.#...###........ #..#.[.
........###..##........ ####...
.....#######..#........ #...
..##......###.......... ##..
...######.......5...... ##. ....#
#######.@(..... ## ....#
#.......) ....# #........ ...##
#........ ..## #........ ###
#########


You could see Grinder.

Vanquished Creatures
  An adder (D:3)
  A gnoll (D:3)
  2 worms
  5 orcs (D:3)
  8 endoplasms
  2 giant cockroaches (D:1)
  4 goblins
  4 hobgoblins
  4 jackals (D:1)
  5 quokkas
  6 ball pythons
  9 bats
  3 frilled lizards
  4 kobolds
  6 rats
64 creatures vanquished.

Vanquished Creatures (others)
  3 demonic plants (D:2)
  3 fungi (D:2)
  5 plants (D:2)
  A withered plant (D:2)
12 creatures vanquished.

Grand Total: 76 creatures vanquished

Notes
Turn   | Place    | Note
-------+----------+-------------------------------------------
     0 | D:1      | Ordine the Deep Elf Hedge Wizard began the quest for the
                  | Orb.
     0 | D:1      | Reached XP level 1. HP: 10/10 MP: 7/7
   412 | D:1      | Reached XP level 2. HP: 15/15 MP: 6/9
   415 | D:1      | Learned a level 2 spell: Blink
  1421 | D:1      | Reached XP level 3. HP: 19/19 MP: 7/11
  1721 | D:2      | Found a faded altar of an unknown god.
  2636 | D:3      | Found a radiant altar of Vehumet.
  2655 | D:3      | Became a worshipper of Vehumet
  2909 | D:3      | Reached XP level 4. HP: 24/24 MP: 4/12
  3140 | D:3      | Found a bloodstained altar of Trog.
  3140 | D:3      | Found an iron altar of Okawaru.
  3597 | D:3      | Noticed Grinder
  3608 | D:3      | Paralysed by Grinder for 4 turns
  3615 | D:3      | Slain by Grinder

Illustrated notes

Levels and vault maps discovered:
D:1:      matt_arrival_spirals, layout_basic
D:2:      layout_rooms, shapermc_ecumenical_altar_gd,
          nicolae_elevator_lobby_plus
D:3:      layout_rooms, grunt_temple_overflow_bloody_war, vehumet_crystals,
          minmay_misc_feat_square, uniq_grinder

Skill      XL: |  1  2  3  4 |
---------------+-------------+-----
Conjurations   | 2 3 |  3.1
Stealth        | 3 |  3.0
Dodging        | 3 |  3.0
Translocations | 2 |  2.0
Spellcasting   | |  4.8
Summonings     | |  1.8

Action                   |  1- 3 |  4- 6 || total
-------------------------+-------+-------++-------
Melee: Dagger            |    29 |    14 ||    43
       Punch             |     2 |       ||     2
 Cast: Magic Dart        |   150 |    43 ||   193
Armor: Robe              |     6 |     2 ||     8
Dodge: Dodged            |    19 |    16 ||    35
